%YAML 1.1
%TAG !u! tag:unity3d.com,2011:
--- !u!1 &2073258743114456501
GameObject:
  m_ObjectHideFlags: 0
  m_CorrespondingSourceObject: {fileID: 0}
  m_PrefabInstance: {fileID: 0}
  m_PrefabAsset: {fileID: 0}
  serializedVersion: 6
  m_Component:
  - component: {fileID: 8424869221566341101}
  - component: {fileID: 4570886310996859980}
  - component: {fileID: 6738248727049410633}
  m_Layer: 0
  m_Name: Trap
  m_TagString: Untagged
  m_Icon: {fileID: 0}
  m_NavMeshLayer: 0
  m_StaticEditorFlags: 0
  m_IsActive: 1
--- !u!4 &8424869221566341101
Transform:
  m_ObjectHideFlags: 0
  m_CorrespondingSourceObject: {fileID: 0}
  m_PrefabInstance: {fileID: 0}
  m_PrefabAsset: {fileID: 0}
  m_GameObject: {fileID: 2073258743114456501}
  m_LocalRotation: {x: 0, y: 0, z: 0, w: 1}
  m_LocalPosition: {x: 2.178, y: 0.453, z: 7.46}
  m_LocalScale: {x: 1, y: 1, z: 1}
  m_Children:
  - {fileID: 2268088818535811279}
  - {fileID: 5749191854587411}
  - {fileID: 1549750768218003085}
  m_Father: {fileID: 0}
  m_RootOrder: 0
  m_LocalEulerAnglesHint: {x: 0, y: 0, z: 0}
--- !u!114 &4570886310996859980
MonoBehaviour:
  m_ObjectHideFlags: 0
  m_CorrespondingSourceObject: {fileID: 0}
  m_PrefabInstance: {fileID: 0}
  m_PrefabAsset: {fileID: 0}
  m_GameObject: {fileID: 2073258743114456501}
  m_Enabled: 1
  m_EditorHideFlags: 0
  m_Script: {fileID: 11500000, guid: 004c9f76d47877e4ba3d8d8375607525, type: 3}
  m_Name: 
  m_EditorClassIdentifier: 
  _sparksPrefab: {fileID: 8228718600734708891, guid: a69d8358f8058de459b6a643983bc88b,
    type: 3}
  laser: {fileID: 2964080057284967132}
  stretching1: {fileID: 5749191854587411}
  stretching2: {fileID: 1549750768218003085}
  time: 0
--- !u!65 &6738248727049410633
BoxCollider:
  m_ObjectHideFlags: 0
  m_CorrespondingSourceObject: {fileID: 0}
  m_PrefabInstance: {fileID: 0}
  m_PrefabAsset: {fileID: 0}
  m_GameObject: {fileID: 2073258743114456501}
  m_Material: {fileID: 0}
  m_IsTrigger: 1
  m_Enabled: 1
  serializedVersion: 2
  m_Size: {x: 6.5, y: 1, z: 1}
  m_Center: {x: 2.75, y: 0, z: 0}
--- !u!1001 &3000001305430390509
PrefabInstance:
  m_ObjectHideFlags: 0
  serializedVersion: 2
  m_Modification:
    m_TransformParent: {fileID: 8424869221566341101}
    m_Modifications:
    - target: {fileID: 36207267735456817, guid: 4de44a36a903ad241a33c0615a0bdb7e,
        type: 3}
      propertyPath: m_Name
      value: laser
      objectReference: {fileID: 0}
    - target: {fileID: 1782427498638407917, guid: 4de44a36a903ad241a33c0615a0bdb7e,
        type: 3}
      propertyPath: m_ReceiveShadows
      value: 0
      objectReference: {fileID: 0}
    - target: {fileID: 1782427498638407917, guid: 4de44a36a903ad241a33c0615a0bdb7e,
        type: 3}
      propertyPath: m_CastShadows
      value: 0
      objectReference: {fileID: 0}
    - target: {fileID: 1782427498638407917, guid: 4de44a36a903ad241a33c0615a0bdb7e,
        type: 3}
      propertyPath: m_LightProbeUsage
      value: 0
      objectReference: {fileID: 0}
    - target: {fileID: 1782427498638407917, guid: 4de44a36a903ad241a33c0615a0bdb7e,
        type: 3}
      propertyPath: m_ReflectionProbeUsage
      value: 0
      objectReference: {fileID: 0}
    - target: {fileID: 1782427498638407917, guid: 4de44a36a903ad241a33c0615a0bdb7e,
        type: 3}
      propertyPath: m_MotionVectors
      value: 2
      objectReference: {fileID: 0}
    - target: {fileID: 1782427498638407917, guid: 4de44a36a903ad241a33c0615a0bdb7e,
        type: 3}
      propertyPath: m_DynamicOccludee
      value: 0
      objectReference: {fileID: 0}
    - target: {fileID: 3953029666398158370, guid: 4de44a36a903ad241a33c0615a0bdb7e,
        type: 3}
      propertyPath: m_LocalPosition.x
      value: 0
      objectReference: {fileID: 0}
    - target: {fileID: 3953029666398158370, guid: 4de44a36a903ad241a33c0615a0bdb7e,
        type: 3}
      propertyPath: m_LocalPosition.y
      value: 0.03
      objectReference: {fileID: 0}
    - target: {fileID: 3953029666398158370, guid: 4de44a36a903ad241a33c0615a0bdb7e,
        type: 3}
      propertyPath: m_LocalPosition.z
      value: -0
      objectReference: {fileID: 0}
    - target: {fileID: 3953029666398158370, guid: 4de44a36a903ad241a33c0615a0bdb7e,
        type: 3}
      propertyPath: m_LocalRotation.x
      value: -0.7071068
      objectReference: {fileID: 0}
    - target: {fileID: 3953029666398158370, guid: 4de44a36a903ad241a33c0615a0bdb7e,
        type: 3}
      propertyPath: m_LocalRotation.y
      value: 0
      objectReference: {fileID: 0}
    - target: {fileID: 3953029666398158370, guid: 4de44a36a903ad241a33c0615a0bdb7e,
        type: 3}
      propertyPath: m_LocalRotation.z
      value: -0
      objectReference: {fileID: 0}
    - target: {fileID: 3953029666398158370, guid: 4de44a36a903ad241a33c0615a0bdb7e,
        type: 3}
      propertyPath: m_LocalRotation.w
      value: 0.7071067
      objectReference: {fileID: 0}
    - target: {fileID: 3953029666398158370, guid: 4de44a36a903ad241a33c0615a0bdb7e,
        type: 3}
      propertyPath: m_RootOrder
      value: 0
      objectReference: {fileID: 0}
    - target: {fileID: 3953029666398158370, guid: 4de44a36a903ad241a33c0615a0bdb7e,
        type: 3}
      propertyPath: m_LocalEulerAnglesHint.x
      value: 0
      objectReference: {fileID: 0}
    - target: {fileID: 3953029666398158370, guid: 4de44a36a903ad241a33c0615a0bdb7e,
        type: 3}
      propertyPath: m_LocalEulerAnglesHint.y
      value: 0
      objectReference: {fileID: 0}
    - target: {fileID: 3953029666398158370, guid: 4de44a36a903ad241a33c0615a0bdb7e,
        type: 3}
      propertyPath: m_LocalEulerAnglesHint.z
      value: 0
      objectReference: {fileID: 0}
    - target: {fileID: 3953029666398158370, guid: 4de44a36a903ad241a33c0615a0bdb7e,
        type: 3}
      propertyPath: m_LocalScale.x
      value: 150
      objectReference: {fileID: 0}
    m_RemovedComponents: []
  m_SourcePrefab: {fileID: 100100000, guid: 4de44a36a903ad241a33c0615a0bdb7e, type: 3}
--- !u!1 &2964080057284967132 stripped
GameObject:
  m_CorrespondingSourceObject: {fileID: 36207267735456817, guid: 4de44a36a903ad241a33c0615a0bdb7e,
    type: 3}
  m_PrefabInstance: {fileID: 3000001305430390509}
  m_PrefabAsset: {fileID: 0}
--- !u!4 &2268088818535811279 stripped
Transform:
  m_CorrespondingSourceObject: {fileID: 3953029666398158370, guid: 4de44a36a903ad241a33c0615a0bdb7e,
    type: 3}
  m_PrefabInstance: {fileID: 3000001305430390509}
  m_PrefabAsset: {fileID: 0}
--- !u!1001 &7840478742056319232
PrefabInstance:
  m_ObjectHideFlags: 0
  serializedVersion: 2
  m_Modification:
    m_TransformParent: {fileID: 8424869221566341101}
    m_Modifications:
    - target: {fileID: 6521719019143083264, guid: 6087ba2149e41b24bb3076a845c79a10,
        type: 3}
      propertyPath: m_Name
      value: stretching
      objectReference: {fileID: 0}
    - target: {fileID: 7485259246560084159, guid: 6087ba2149e41b24bb3076a845c79a10,
        type: 3}
      propertyPath: trap
      value: 
      objectReference: {fileID: 4570886310996859980}
    - target: {fileID: 7485259246560084159, guid: 6087ba2149e41b24bb3076a845c79a10,
        type: 3}
      propertyPath: TrapObject
      value: 
      objectReference: {fileID: 2073258743114456501}
    - target: {fileID: 7843745786410583827, guid: 6087ba2149e41b24bb3076a845c79a10,
        type: 3}
      propertyPath: m_LocalPosition.x
      value: 5.825
      objectReference: {fileID: 0}
    - target: {fileID: 7843745786410583827, guid: 6087ba2149e41b24bb3076a845c79a10,
        type: 3}
      propertyPath: m_LocalPosition.y
      value: -0.265
      objectReference: {fileID: 0}
    - target: {fileID: 7843745786410583827, guid: 6087ba2149e41b24bb3076a845c79a10,
        type: 3}
      propertyPath: m_LocalPosition.z
      value: 0
      objectReference: {fileID: 0}
    - target: {fileID: 7843745786410583827, guid: 6087ba2149e41b24bb3076a845c79a10,
        type: 3}
      propertyPath: m_LocalRotation.x
      value: 0
      objectReference: {fileID: 0}
    - target: {fileID: 7843745786410583827, guid: 6087ba2149e41b24bb3076a845c79a10,
        type: 3}
      propertyPath: m_LocalRotation.y
      value: 0.7072302
      objectReference: {fileID: 0}
    - target: {fileID: 7843745786410583827, guid: 6087ba2149e41b24bb3076a845c79a10,
        type: 3}
      propertyPath: m_LocalRotation.z
      value: 0.7069834
      objectReference: {fileID: 0}
    - target: {fileID: 7843745786410583827, guid: 6087ba2149e41b24bb3076a845c79a10,
        type: 3}
      propertyPath: m_LocalRotation.w
      value: 0
      objectReference: {fileID: 0}
    - target: {fileID: 7843745786410583827, guid: 6087ba2149e41b24bb3076a845c79a10,
        type: 3}
      propertyPath: m_RootOrder
      value: 1
      objectReference: {fileID: 0}
    - target: {fileID: 7843745786410583827, guid: 6087ba2149e41b24bb3076a845c79a10,
        type: 3}
      propertyPath: m_LocalEulerAnglesHint.x
      value: -89.98
      objectReference: {fileID: 0}
    - target: {fileID: 7843745786410583827, guid: 6087ba2149e41b24bb3076a845c79a10,
        type: 3}
      propertyPath: m_LocalEulerAnglesHint.y
      value: 180
      objectReference: {fileID: 0}
    - target: {fileID: 7843745786410583827, guid: 6087ba2149e41b24bb3076a845c79a10,
        type: 3}
      propertyPath: m_LocalEulerAnglesHint.z
      value: 0
      objectReference: {fileID: 0}
    m_RemovedComponents: []
  m_SourcePrefab: {fileID: 100100000, guid: 6087ba2149e41b24bb3076a845c79a10, type: 3}
--- !u!4 &5749191854587411 stripped
Transform:
  m_CorrespondingSourceObject: {fileID: 7843745786410583827, guid: 6087ba2149e41b24bb3076a845c79a10,
    type: 3}
  m_PrefabInstance: {fileID: 7840478742056319232}
  m_PrefabAsset: {fileID: 0}
--- !u!1001 &8744661307547816350
PrefabInstance:
  m_ObjectHideFlags: 0
  serializedVersion: 2
  m_Modification:
    m_TransformParent: {fileID: 8424869221566341101}
    m_Modifications:
    - target: {fileID: 6521719019143083264, guid: 6087ba2149e41b24bb3076a845c79a10,
        type: 3}
      propertyPath: m_Name
      value: stretching
      objectReference: {fileID: 0}
    - target: {fileID: 7485259246560084159, guid: 6087ba2149e41b24bb3076a845c79a10,
        type: 3}
      propertyPath: trap
      value: 
      objectReference: {fileID: 4570886310996859980}
    - target: {fileID: 7485259246560084159, guid: 6087ba2149e41b24bb3076a845c79a10,
        type: 3}
      propertyPath: TrapObject
      value: 
      objectReference: {fileID: 2073258743114456501}
    - target: {fileID: 7843745786410583827, guid: 6087ba2149e41b24bb3076a845c79a10,
        type: 3}
      propertyPath: m_LocalPosition.x
      value: -0.287
      objectReference: {fileID: 0}
    - target: {fileID: 7843745786410583827, guid: 6087ba2149e41b24bb3076a845c79a10,
        type: 3}
      propertyPath: m_LocalPosition.y
      value: -0.284
      objectReference: {fileID: 0}
    - target: {fileID: 7843745786410583827, guid: 6087ba2149e41b24bb3076a845c79a10,
        type: 3}
      propertyPath: m_LocalPosition.z
      value: 0
      objectReference: {fileID: 0}
    - target: {fileID: 7843745786410583827, guid: 6087ba2149e41b24bb3076a845c79a10,
        type: 3}
      propertyPath: m_LocalRotation.x
      value: -0.7069834
      objectReference: {fileID: 0}
    - target: {fileID: 7843745786410583827, guid: 6087ba2149e41b24bb3076a845c79a10,
        type: 3}
      propertyPath: m_LocalRotation.y
      value: 0
      objectReference: {fileID: 0}
    - target: {fileID: 7843745786410583827, guid: 6087ba2149e41b24bb3076a845c79a10,
        type: 3}
      propertyPath: m_LocalRotation.z
      value: 0
      objectReference: {fileID: 0}
    - target: {fileID: 7843745786410583827, guid: 6087ba2149e41b24bb3076a845c79a10,
        type: 3}
      propertyPath: m_LocalRotation.w
      value: 0.7072302
      objectReference: {fileID: 0}
    - target: {fileID: 7843745786410583827, guid: 6087ba2149e41b24bb3076a845c79a10,
        type: 3}
      propertyPath: m_RootOrder
      value: 2
      objectReference: {fileID: 0}
    - target: {fileID: 7843745786410583827, guid: 6087ba2149e41b24bb3076a845c79a10,
        type: 3}
      propertyPath: m_LocalEulerAnglesHint.x
      value: -89.98
      objectReference: {fileID: 0}
    - target: {fileID: 7843745786410583827, guid: 6087ba2149e41b24bb3076a845c79a10,
        type: 3}
      propertyPath: m_LocalEulerAnglesHint.y
      value: 0
      objectReference: {fileID: 0}
    - target: {fileID: 7843745786410583827, guid: 6087ba2149e41b24bb3076a845c79a10,
        type: 3}
      propertyPath: m_LocalEulerAnglesHint.z
      value: 0
      objectReference: {fileID: 0}
    m_RemovedComponents: []
  m_SourcePrefab: {fileID: 100100000, guid: 6087ba2149e41b24bb3076a845c79a10, type: 3}
--- !u!4 &1549750768218003085 stripped
Transform:
  m_CorrespondingSourceObject: {fileID: 7843745786410583827, guid: 6087ba2149e41b24bb3076a845c79a10,
    type: 3}
  m_PrefabInstance: {fileID: 8744661307547816350}
  m_PrefabAsset: {fileID: 0}
